 Dungeon Crawl Stone Soup version 0.17.0-22-g5edae84 (webtiles) character file.

49 Karnex the Conjurer (level 3, -1/27 HPs)
             Began as a Draconian Conjurer on Nov 13, 2015.
             Slain by a giant gecko (4 damage)
             ... on level 2 of the Dungeon.
             The game lasted 00:09:03 (1626 turns).

Karnex the Conjurer (Draconian Conjurer)            Turns: 1626, Time: 00:09:03

Health: -1/27      AC:  5    Str: 16    XL:     3   Next: 51%
Magic:  1/6        EV: 12    Int: 15    God:
Gold:   47         SH:  0    Dex: 11    Spells: 2 memorised, 2 levels left

rFire  . . .     SeeInvis +     o - +0 mace
rCold  . . .     Clarity  .     (armour unavailable)
rNeg   . . .     SustAt   .     (no shield)
rPois  .         Gourm    .     (helmet restricted)
rElec  .         Spirit   .     (no cloak)
rCorr  .         Warding  .     (no gloves)
rMut   .         Stasis   .     (no boots)
MR     .....                    (no amulet)
Stlth  ++........               (no ring)
                                m - ring of see invisible

@: mighty, not resistant to hostile enchantments, unstealthy
A: unfitting armour, cold-blooded, AC +5
a: no special abilities


You were on level 2 of the Dungeon.
You were not hungry.

You visited 1 branch of the dungeon, and saw 2 of its levels.

You collected 47 gold pieces.

Inventory:

Hand Weapons
 f - a +0 club
 k - a +0 dagger
 l - a +0 short sword
 o - a +0 mace (weapon)
Missiles
 e - 34 stones (quivered)
 p - 27 bolts
 q - 18 arrows
Armour
 g - a +0 robe
 i - a +0 robe
Jewellery
 m - a ring of see invisible (left hand)
Scrolls
 j - a scroll of identify {unknown}
 r - a scroll of remove curse {unknown}
 s - 2 scrolls of blinking {unknown}
 t - 2 scrolls of recharging {unknown}
Books
 a - a book of Conjurations

   Spells                             Type                      Level
   a - Magic Dart                     Conjuration                  1
   b - Searing Ray                    Conjuration                  2
   c - Dazzling Spray                 Conjuration/Hexes            3
   d - Fulminant Prism                Conjuration/Hexes            4
   e - Iskenderun's Mystic Blast      Conjuration                  4
   f - Iskenderun's Battlesphere      Conjuration/Charms           5
Comestibles
 b - 3 bread rations
 h - a slice of pizza
 n - 4 chunks of flesh


   Skills:
 + Level 0.9 Fighting
 + Level 2.0 Dodging
 + Level 2.0 Stealth
 + Level 2.2 Spellcasting
 + Level 4.8 Conjurations


You had 2 spell levels left.
You knew the following spells:

 Your Spells              Type           Power        Failure   Level  Hunger
a - Magic Dart            Conj           ###.         3%          1    #......
b - Dazzling Spray        Conj/Hex       #.......     30%         3    ###....


Dungeon Overview and Level Annotations

Branches:
Dungeon (2/15)

Altars:


Innate Abilities, Weirdness & Mutations

Your plain brown scales are hard (AC +5).
Your body does not fit into most forms of armour.
You are cold-blooded and may be slowed by cold attacks.


Message History

Confirm with . or Enter, or press ? or * to list all spells.
You don't know that spell.
Casting: Dazzling Spray
Confirm with . or Enter, or press ? or * to list all spells.
You don't know that spell.
Casting: Dazzling Spray
Confirm with . or Enter, or press ? or * to list all spells.
You don't know that spell.
Casting: Dazzling Spray
Confirm with . or Enter, or press ? or * to list all spells.
You don't know that spell.
Casting: Dazzling Spray
Confirm with . or Enter, or press ? or * to list all spells.
Aiming: Magic Dart
Press: ? - help, Shift-Dir - straight line, f - hobgoblin, p - giant gecko
Aim: a hobgoblin (heavily wounded, blind)
The magic dart hits the hobgoblin.
You kill the hobgoblin!
The giant gecko bites you.
You die...

#########################
.................J.......
................@........
##############=..l†....##
......# #.........#
......# #..........#
......# #...........
......# ..........≈≈
......# ...........≈$
......# ............≈≈
......#


You could see an ooze and a giant gecko.

Vanquished Creatures
  2 adders (D:2)
  A giant cockroach (D:1)
  8 hobgoblins
  3 jackals (D:2)
  4 bats
  A giant gecko (D:2)
  2 giant newts (D:1)
  2 goblins
  4 kobolds
  3 rats (D:1)
30 creatures vanquished.

Notes
Turn   | Place    | Note
--------------------------------------------------------------
     0 | D:1      | Karnex the Draconian Conjurer began the quest for the Orb.
     0 | D:1      | Reached XP level 1. HP: 14/14 MP: 3/3
   592 | D:1      | Reached XP level 2. HP: 18/20 MP: 0/5
  1335 | D:2      | Reached XP level 3. HP: 24/27 MP: 2/6
  1391 | D:2      | Learned a level 3 spell: Dazzling Spray
  1626 | D:2      | Slain by a giant gecko

Action                   || total
-------------------------++-------
Melee: Unarmed           ||    29
       Club              ||     2
       Short sword       ||     3
       Mace              ||    16
 Cast: Magic Dart        ||    43
       Dazzling Spray    ||     2
  Use: Potion            ||     2
  Eat: Chunk             ||     3
